 Dungeon Crawl Stone Soup version 0.31.0-32-g396128a36d (webtiles) character file.

Game seed: 16425429328146749393

170 Alphaeus the Ruffian (level 5, -12/34 HPs)
             Began as an Octopode Shapeshifter on Mar 19, 2024.
             Killed by divine providence
             ... invoked by an orc priest
              (14 damage)
             ... on level 3 of the Dungeon.
             The game lasted 00:02:07 (1889 turns).

Alphaeus the Ruffian (Octopode Shapeshifter)        Turns: 1889, Time: 00:02:08

Health: -12/34     AC:  1    Str: 15    XL:     5   Next: 50%
Magic:  5/5        EV: 13    Int: 12    God:
Gold:   87         SH:  5    Dex: 12    Spells: 4/4 levels left

rFire   . .          .
                       - Unarmed
rCold   . . .        (no shield)
rNeg    . . .        (helmet currently unavailable)
rPois   .            k - amulet of reflection
rElec   .            (no ring)
rCorr   .            (no ring)
SInv    .            (no ring)
Will    .....        (no ring)
Stlth   ++           (no ring)
HPRegen 0.25/turn    (no ring)
MPRegen 0.09/turn    (no ring)
                     (no ring)

%: reflection
@: beast-form
A: beast (slay +2), almost no armour, amphibious, 8 rings, camouflage 1,
gelatinous body 1, (nimble swimmer 1), tentacles
a: Begin Untransformation


You were on level 3 of the Dungeon.
You were a hulking beast.
You visited 1 branch of the dungeon, and saw 3 of its levels.

You collected 87 gold pieces.

Inventory:

Jewellery
 e - a ring of magical power
 k - an amulet of reflection (around mantle)
Talismans
 b - a beast talisman
 c - a flux talisman
 q - a blade talisman
Wands
 p - a wand of flame (38)
Scrolls
 h - a scroll of immolation {unknown}
 i - a scroll of enchant weapon {unknown}
 j - a scroll of identify {unknown}
 m - a scroll of amnesia {unknown}
 o - a scroll of fear {unknown}
Potions
 a - a potion of lignification
 d - 2 potions of brilliance {unknown}
 f - a potion of mutation {unknown}
 g - a potion of attraction {unknown}
 l - a potion of heal wounds {unknown}
 n - a potion of curing {unknown}
 r - a potion of magic {unknown}


   Skills:
 + Level 2.2 Fighting
 + Level 2.7 Dodging
 * Level 4.2 Unarmed Combat
 * Level 4.0 Shapeshifting


You had 4 spell levels left.
You didn't know any spells.
Your spell library contained the following spells:

 Spells                   Type           Power      Damage    Failure   Level
 Magic Dart               Conj           0%         1d3       32%         1
 Slow                     Hex            0%         N/A       32%         1
 Searing Ray              Conj           0%         2d4       45%         2
 Sublimation of Blood     Necr           0%         N/A       45%         2
 Confusing Touch          Hex            0%         N/A       69%         3
 Sigil of Binding         Hex            0%         N/A       69%         3
 Vampiric Draining        Necr           0%         2d6       69%         3
 Fulminant Prism          Conj/Alch      0%         3d5       97%         4
 Petrify                  Alch/Erth      0%         N/A       97%         4
 Irradiate                Conj/Alch      0%         3d11      100%        5


Dungeon Overview and Level Annotations

Branches:
Dungeon (3/15)

Altars:

Shops:
D:2 (


Innate Abilities, Weirdness & Mutations

You are a hulking beast.
Your limbs bulge with bestial killing power. (Slay +2)
You cannot wear most types of armour.
You are amphibious.
You can wear up to eight rings at the same time.
Your skin changes colour to match your surroundings (Stealth+).
Your rubbery body absorbs attacks. (AC +1, EV +1)
((You are camouflaged when in or above water. (Stealth+)))
You have tentacles for arms and can constrict up to eight enemies at once.


Message History

You add the spells Sublimation of Blood, Petrify and Irradiate to your library.
You hear the brisk rusting of a very distant drain.
Found a stone staircase leading up.
An orc comes into view. It is wielding a +0 club.
An orc and an orc priest come into view.
The orc shouts!
The orc priest mumbles some strange prayers to Beogh against you.
Beogh smites you!
You hear a shout!
You hear a loud squeak.
An orc comes into view. It is wielding a +0 hand axe.
A rat comes into view.
The orc shouts!
An orc comes into view. It is wielding a +0 club.
A kobold comes into view. It is wielding a +0 club.
You barely miss the orc.
The kobold shouts!
You grab the orc. You constrict the orc. The orc hits you with a +0 hand axe!
The orc closely misses you.
You are too injured to fight recklessly!
You are too injured to fight recklessly!
You are too injured to fight recklessly!
You are too injured to fight recklessly!
You are too injured to fight recklessly!
You tentacle-slap the orc.
You kill the orc!
The orc hits you but does no damage. The rat bites you.
The rat attacks as it pursues you! The rat bites you.
The rat attacks as it pursues you! The rat closely misses you.
The orc attacks as it pursues you! The orc closely misses you.
The orc attacks as it pursues you! The orc hits you with a +0 club.
The orc priest invokes the aid of Beogh against you.
Beogh smites you!
* * * LOW HITPOINT WARNING * * *
The orc priest miscasts a cantrip.
The rat attacks as it pursues you! The rat misses you.
You bludgeon the rat!
You kill the rat!
The orc priest calls down the wrath of Beogh upon you.
Beogh smites you!
You die...

#.............)..
+....!..........>
#................
#..........†.....
#................ ###
#............#+#+ ...
+..###### #............#
....#......K####............#
....<.)....o.o†h............#
....#......o#####+#######.#.#
#. . #............. #.#.# ..
#............. ..#.###.
#............. ######..##.
#............. ............
............... ########.##.
###............. #....
#............. ###..


You could see an orc priest, 2 orcs and a kobold.

Vanquished Creatures
  Crazy Yiuf (D:2)
  Natasha (thrice) (D:2)
  An adder (D:3)
  2 ribbon worms
  3 dart slugs
  An orc (D:3)
  4 bats
  3 endoplasms
  A giant cockroach (D:1)
  4 goblins
  4 hobgoblins
  10 kobolds
  A quokka (D:1)
  3 ball pythons
  4 frilled lizards
  5 rats
50 creatures vanquished.

Notes
Turn   | Place    | Note
-------+----------+-------------------------------------------
     0 | D:1      | Alphaeus the Octopode Shapeshifter began the quest for the
                  | Orb.
     0 | D:1      | Reached XP level 1. HP: 13/13 MP: 1/1
   145 | D:1      | Reached XP level 2. HP: 18/18 MP: 2/2
   344 | D:1      | Reached XP level 3. HP: 23/23 MP: 3/3
   689 | D:2      | Found a faded altar of an unknown god.
   689 | D:2      | Noticed a glass eye
   689 | D:2      | Noticed a glass eye
   689 | D:2      | Noticed a shining eye
   689 | D:2      | Noticed an eye of devastation
   836 | D:2      | Found Qesutteis's Weapon Shoppe.
   870 | D:2      | Noticed Natasha
   877 | D:2      | Killed Natasha
   878 | D:2      | Reached XP level 4. HP: 25/29 MP: 4/4
   971 | D:2      | Noticed Natasha
   979 | D:2      | Killed Natasha
  1074 | D:2      | Noticed Natasha
  1089 | D:2      | Killed Natasha
  1090 | D:2      | Reached XP level 5. HP: 21/34 MP: 5/5
  1266 | D:2      | Found a runed translucent door.
  1267 | D:2      | Noticed Crazy Yiuf
  1274 | D:2      | Killed Crazy Yiuf
  1887 | D:3      | HP: 1/34 [orc priest/divine providence (11)]
  1889 | D:3      | Killed from afar by an orc priest

Illustrated notes

Levels and vault maps discovered:
D:1:      dpeg_arrival_ternary, layout_basic
D:2:      layout_rooms, serial_shops, shop,
          hellmonk_ecumenical_altar_watching_god, uniq_natasha,
          uniq_crazy_yiuf_cottage
D:3:      layout_basic, portal_sewer_entry_b

Skill      XL: |  1  2  3  4  5 |
---------------+----------------+-----
Fighting       | 2 |  2.2
Unarmed Combat | 4 |  4.2
Shapeshifting  | 4 |  4.0
Dodging        | |  2.7

Action                     |  1- 3 |  4- 6 || total
---------------------------+-------+-------++-------
  Melee: Unarmed           |    63 |    31 ||    94
         Constrict         |    20 |     8 ||    28
         Tentacles         |    12 |     4 ||    16
         Punch             |     2 |     1 ||     3
   Stab: Sleeping          |     3 |     1 ||     4
 Armour: Skin              |    18 |    15 ||    33
  Dodge: Dodged            |    42 |    11 ||    53
  Block: Other             |     1 |     5 ||     6
